 Dungeon Crawl Stone Soup version 0.29.0-13-gc9e81de378 (webtiles) character file.

Game seed: 6461885858146821867

163 Malachi the Slasher (level 5, -1/28 HPs)
             Began as a Vine Stalker Fighter on Sept 7, 2022.
             Slain by an orc
             ... wielding a +0 flail
              (4 damage)
             ... on level 4 of the Dungeon.
             The game lasted 00:04:08 (2596 turns).

Malachi the Slasher (Vine Stalker Fighter)          Turns: 2596, Time: 00:04:09

Health: -1/28      AC:  7    Str: 18    XL:     5   Next: 44%
Magic:  0/15       EV:  9    Int:  8    God:
Gold:   52         SH:  5    Dex: 16    Spells: 4/4 levels left

rFire   . . .      SeeInvis .   a - +0 long sword
rCold   . . .      Faith    .   c - +0 buckler
rNeg    . . .      Spirit   +   b - +0 scale mail
rPois   .          Reflect  .   n - +0 helmet
rElec   .          Harm     .   (no cloak)
rCorr   .          Rampage  .   (no gloves)
Will    .....                   (no boots)
Stlth   ..........              (no amulet)
HPRegen 0.89/turn               h - ring of magical power
MPRegen 0.14/turn               (no ring)

@: no status effects
A: fangs 2, regeneration 1, magic shield, antimagic bite, no potion heal 2
a: no special abilities


You were on level 4 of the Dungeon.
You visited 1 branch of the dungeon, and saw 4 of its levels.

You collected 52 gold pieces.

Inventory:

Hand Weapons
 a - a +0 long sword (weapon)
 u - a +2 dagger of protection
Armour
 b - a +0 scale mail (worn)
 c - a +0 buckler (worn)
 n - a +0 helmet (worn)
Jewellery
 h - a ring of magical power (left hand)
Wands
 s - a wand of quicksilver (10)
Scrolls
 e - 2 scrolls of teleportation
 f - a scroll of amnesia {unknown}
 j - a scroll of vulnerability {unknown}
 m - a scroll of fear {unknown}
 o - a scroll of magic mapping {unknown}
 q - a scroll of identify {unknown}
Potions
 d - a potion of might
 g - a potion of degeneration {unknown}
 i - 7 potions of curing {unknown}
 k - a potion of cancellation {unknown}
 l - 2 potions of heal wounds {unknown}
 p - a potion of brilliance {unknown}
 r - 2 potions of ambrosia {unknown}
 t - 2 potions of lignification {unknown}


   Skills:
 - Level 2.8 Fighting
 + Level 4.8 Long Blades
 - Level 2.5 Armour
 - Level 2.8 Shields


You had 4 spell levels left.
You didn't know any spells.
Your spell library contained the following spells:

 Spells                   Type           Power      Damage    Failure   Level
 Summon Small Mammal      Summ           0%         N/A       88%         1
 Ensorcelled Hibernation  Hex/Ice        0%         N/A       95%         2
 Passwall                 Tmut/Erth      0%         N/A       95%         2
 Call Canine Familiar     Summ           0%         N/A       99%         3
 Gell's Gravitas          Tloc           0%         N/A       99%         3
 Lesser Beckoning         Tloc           0%         N/A       99%         3
 Summon Guardian Golem    Hex/Summ       0%         N/A       99%         3
 Swiftness                Air            0%         N/A       99%         3
 Teleport Other           Tloc           0%         N/A       99%         3


Dungeon Overview and Level Annotations

Branches:
Dungeon (4/15)
 Temple: D:4-7

Altars:
Qazlal
Uskayaw


Innate Abilities, Weirdness & Mutations

You have extremely sharp teeth.
Your natural rate of healing is unusually fast.
When hurt, damage is shared between your health and your magic reserves.
Your bite disrupts and absorbs the magic of your enemies.
Potions cannot restore your health.


Message History

You slash the orc!
The orc is almost dead.
The orc hits you but does no damage. The orc barely misses you.
You hit the orc.
You kill the orc!
A hobgoblin comes into view.
The orc barely misses you. The orc hits you with a +0 whip.
You closely miss the orc.
The hobgoblin shouts!
You bite the orc, but do no damage. The orc hits you but does no damage.
The orc barely misses you.
You hit the orc but do no damage. The orc closely misses you.
The orc barely misses you. You block the orc wizard's attack.
The orc hits you with a +0 whip. The orc hits you with a +0 flail.
You hit the orc wizard.
The orc wizard is lightly wounded.
The orc hits you with a +0 whip. The orc closely misses you.
The orc wizard gestures at you while chanting.
The puff of flame hits you!
You hit the orc wizard but do no damage.
Your bite misses the orc wizard.
The orc wizard is lightly wounded.
The orc hits you but does no damage. The orc closely misses you.
The orc wizard points at you and mumbles some strange words.
The puff of flame hits you!
You are too injured to fight recklessly!
You are too injured to fight recklessly!
The orc wizard attacks as you move away!
The orc wizard hits you but does no damage.
The orc attacks as you move away! The orc hits you with a +0 whip.
The orc attacks as you move away! The orc hits you but does no damage.
The orc attacks as you move away! The orc barely misses you.
The orc attacks as you move away! The orc hits you with a +0 flail!
* * * LOW HITPOINT WARNING * * *
The orc attacks as you move away! The orc hits you with a +0 whip.
* * * LOW HITPOINT WARNING * * *
The orc attacks as you move away! The orc hits you with a +0 flail.
* * * LOW HITPOINT WARNING * * *
The orc attacks as you move away! The orc hits you with a +0 flail.
You die...

###### #....# ### #....#
#...########### #####....#
##....)........# #.....)..##
........!......###.####.....
..)##....oo..............(..
#....go@...###.##....###
#..........#........##
#########.##.#.##.#.#
.......##.#.####
...#.............
..#.#....##.#...#. ####.#
...##....... #. ..####.#.#.
#.......#


You could see an orc wizard, 2 orcs and a hobgoblin.

Vanquished Creatures
  A scorpion (D:4)
  Natasha (D:4)
  An adder (D:3)
  4 worms (D:2)
  An orc (D:4)
  5 ball pythons
  5 bats
  4 endoplasms
  A giant cockroach (D:2)
  5 goblins
  6 hobgoblins
  6 kobolds
  3 quokkas (D:1)
  6 frilled lizards
  5 rats
54 creatures vanquished.

Notes
Turn   | Place    | Note
-------+----------+-------------------------------------------
     0 | D:1      | Malachi the Vine Stalker Fighter began the quest for the
                  | Orb.
     0 | D:1      | Reached XP level 1. HP: 11/11 MP: 2/2
    89 | D:1      | Reached skill level 2 in Long Blades
    89 | D:1      | Reached XP level 2. HP: 11/16 MP: 1/3
   621 | D:1      | Reached XP level 3. HP: 19/19 MP: 4/4
   758 | D:1      | Reached skill level 3 in Long Blades
  1574 | D:2      | Gained mutation: Your natural rate of healing is unusually
                  | fast. [Vine Stalker growth]
  1574 | D:2      | Reached XP level 4. HP: 23/23 MP: 5/5
  2214 | D:3      | Found a stormy altar of Qazlal.
  2391 | D:4      | Noticed a scorpion
  2401 | D:4      | Killed a scorpion
  2402 | D:4      | Reached skill level 4 in Long Blades
  2402 | D:4      | Reached XP level 5. HP: 12/28 MP: 6/6
  2468 | D:4      | Found a hide-covered altar of Uskayaw.
  2472 | D:4      | Noticed a +0 hand axe
  2472 | D:4      | Noticed a +0 hand axe
  2529 | D:4      | Noticed Natasha
  2534 | D:4      | Killed Natasha
  2596 | D:4      | Slain by an orc

Illustrated notes

Levels and vault maps discovered:
D:1:      amcnicky_arrival_underground_garden, layout_rooms,
          minmay_strange_pillars, chequers_avenue, minmay_pentomino_u2
D:2:      layout_basic
D:3:      layout_loops_ring, grunt_qazlal_clouds, dk_yredelemnul_ordeal
D:4:      layout_basic, dancing_weapons_uskayaw, mainiacjoe_overflow_alcove_4,
          uniq_natasha

Skill      XL: |  1  2  3  4 |
---------------+-------------+-----
Long Blades    | 2 3 4 |  4.8
Fighting       | |  2.8
Armour         | |  2.5
Shields        | |  2.8

Action                   |  1- 3 |  4- 6 || total
-------------------------+-------+-------++-------
Melee: Long sword        |   110 |    35 ||   145
       Bite              |    23 |    12 ||    35
  Use: Scroll            |       |     1 ||     1
Armor: Scale mail        |    42 |    22 ||    64
Dodge: Dodged            |    51 |    17 ||    68
Block: Buckler           |    24 |     3 ||    27
